 Dungeon Crawl Stone Soup version 0.25-a0-613-gf4b266557c (webtiles) character file.

Game seed: 13034231768975952754, levelgen mode: deterministic

47363 Electrofox the Slicer (level 14, -3/74 HPs)
             Began as a Kobold Hunter on Oct 3, 2019.
             Was a High Priest of Dithmenos.
             Killed from afar by a rime drake (16 damage)
             ... with a flash freeze
             ... on level 6 of the Lair of Beasts on Mar 17, 2020.
             The game lasted 03:26:37 (25605 turns).

Electrofox the Slicer (Kobold Hunter)              Turns: 25605, Time: 03:26:37

Health: -3/74      AC: 16    Str: 11    XL:     14   Next: 81%
Magic:  21/21      EV: 22    Int: 12    God:    Dithmenos [*****.]
Gold:   635        SH:  0    Dex: 24    Spells: 19/21 levels left

rFire    + . .     SeeInvis .   b - +5 rapier (elec)
rCold    . . .     Gourm    .   (shield restricted)
rNeg     . . .     Faith    .   N - +3 leather armour {rF+}
rPois    .         Spirit   .   R - +0 helmet (curse)
rElec    .         Reflect  .   A - +1 cloak
rCorr    .         Harm     .   J - +0 pair of gloves
MR       +....                  M - +0 pair of boots
Stlth    +++++++++.             Q - amulet of regeneration
HPRegen  0.62/turn              j - +5 ring of dexterity
MPRegen  0.17/turn              u - +5 ring of protection

@: sleeping, marked, mesmerised, hasted, wreathed by umbra
A: small, carnivore
a: Shadow Step, Shadow Form, Renounce Religion


You were on level 6 of the Lair of Beasts.
You worshipped Dithmenos.
Dithmenos was extremely pleased with you.
You were completely stuffed.

You visited 3 branches of the dungeon, and saw 22 of its levels.

You collected 927 gold pieces.
You spent 292 gold pieces at shops.

Inventory:

Hand Weapons
 a - a +0 arbalest
 b - a +5 rapier of electrocution (weapon)
 e - a +5 vampiric double sword
Missiles
 d - 166 bolts
 G - 31 poisoned darts (quivered)
 H - 3 atropa-tipped darts
Armour
 A - a +1 cloak (worn)
 J - a +0 pair of gloves (worn)
 M - a +0 pair of boots (worn)
 N - a +3 leather armour of fire resistance (worn)
 R - a cursed +0 helmet (worn)
Jewellery
 j - a +5 ring of dexterity (left hand)
 k - an uncursed amulet of the acrobat
 u - a +5 ring of protection (right hand)
 v - an uncursed ring of see invisible
 Q - an amulet of regeneration (around neck)
 X - an uncursed ring of protection from cold
Wands
 h - a wand of disintegration (7)
 y - a wand of paralysis (14)
 C - a wand of iceblast (20)
 K - a wand of flame (20)
 V - a wand of acid (4)
Scrolls
 m - 5 scrolls of teleportation
 o - 2 scrolls of noise {unknown}
 p - a scroll of identify
 q - 11 scrolls of remove curse
 r - a scroll of blinking {unknown}
 s - 4 scrolls of magic mapping
 t - 2 scrolls of fog
 B - 2 scrolls of random uselessness {unknown}
 D - 2 scrolls of fear {unknown}
 F - 2 scrolls of enchant weapon {unknown}
 P - a scroll of holy word {unknown}
 S - a scroll of acquirement {unknown}
 T - 4 scrolls of enchant armour {unknown}
Potions
 c - a potion of resistance
 g - 2 potions of curing
 i - a potion of magic
 l - a potion of invisibility
 n - 3 potions of haste
 w - a potion of stabbing
 x - a potion of berserk rage
 z - a potion of lignification
 E - a potion of might
 L - 2 potions of cancellation
 Z - a potion of flight {unknown}
Miscellaneous
 O - a lamp of fire (inert)
 U - a fan of gales
 Y - a sack of spiders
Comestibles
 f - 57 rations
 I - 10 chunks of flesh


   Skills:
 - Level 3.6 Fighting
 - Level 14.0(15.1) Short Blades
 * Level 6.3(8.8) Long Blades
 + Level 11.6 Crossbows
 - Level 8.3 Throwing
 - Level 3.1 Armour
 - Level 8.0 Dodging
 - Level 14.0 Stealth
 - Level 4.1 Spellcasting
 - Level 3.0 Charms
 - Level 5.1 Air Magic
 - Level 2.0 Invocations
 - Level 10.0 Evocations


You had 19 spell levels left.
You knew the following spells:

 Your Spells              Type           Power        Failure   Level  Hunger
a - Swiftness             Chrm/Air       ##......     8%          2    ##.....

Your spell library contained the following spells:

 Spells                   Type           Power        Failure   Level  Hunger
 Shock                    Conj/Air       #...         10%         1    #......
 Summon Small Mammal      Summ           #...         28%         1    #......
 Static Discharge         Conj/Air       #.......     28%         3    ###....
 Airstrike                Air            ##........   32%         4    #####..
 Call Imp                 Summ           #.......     38%         2    ##.....
 Call Canine Familiar     Summ           #.......     63%         3    ###....
 Ignite Poison            Fire/Tmut/Pois #.......     63%         3    ###....
 Summon Guardian Golem    Hex/Summ       #.......     63%         3    ###....
 Summon Lightning Spire   Summ/Air       #.......     67%         4    #####..
 Summon Ice Beast         Ice/Summ       #.......     95%         4    #####..
 Lightning Bolt           Conj/Air       #.........   95%         5    ######.
 Fireball                 Conj/Fire      #.........   100%        5    ######.
 Starburst                Conj/Fire      #.........   100%        6    #######
 Ring of Flames           Chrm/Fire      #.........   100%        7    #######
 Ignition                 Fire           #.........   100%        8    #######


Dungeon Overview and Level Annotations

Branches:
Dungeon (15/15)            Temple (1/1) D:6            Lair (6/6) D:8
  Swamp (0/4) Lair:3        Snake (0/4) Lair:4        Slime (0/5) Lair:5
    Orc (0/2) D:12         Vaults (0/5) D:13
 Depths: D:15

Altars:
Ashenzari
Cheibriados
Dithmenos
Elyvilon
Fedhas
Gozag
Hepliaklqana
Kikubaaqudgha
Makhleb
Nemelex Xobeh
Okawaru
Qazlal
Ru
Sif Muna
Trog
Uskayaw
Vehumet
Wu Jian
Xom
Yredelemnul
Zin
The Shining One

Shops:
D:8 [!   D:9 *   D:11 =   D:12 *

Annotations:
D:12 1 runed translucent door, exclusions: crimson imp, spriggan rider and two-headed ogre
Lair:2 exclusion: black mamba
Lair:3 exclusions: bog body and hydra
Lair:4 exclusions: downstairs, 5 hogs and naga, Kirke
Lair:5 exclusions: 2 downstairs, 3 jellies and ooze
Lair:6 exclusions: catoblepas and death yak


Innate Abilities, Weirdness & Mutations

You are small and have problems with some larger weapons.
You are carnivorous and can eat meat at any time.


Message History

The rime drake misses you. x2
The ice encasing you melts away. The rime drake breathes ice at you.
The flash freeze misses you. The elephant completely misses you.
The elephant closely misses you.
You feel yourself speed up. The elephant barely misses you.
The elephant misses you. The elephant closely misses you.
The elephant trunk-slaps you but does no damage.
A dream sheep comes into view.
A dream sheep comes into view.
A merfolk avatar comes into view.
A water moccasin and a dream sheep come into view.
The merfolk avatar chants a haunting song.
You are mesmerised by the merfolk avatar!
The dream sheep shake their wool and sparkle.
You feel drowsy...
You fall asleep.
A dream sheep comes into view.
The merfolk avatar chants its luring song.
The rime drake breathes ice at you. The flash freeze hits you!
You die...

#≈# ..# ### ####≈##..#
... P≈≈≈≈≈≈≈≈≈≈≈≈####
...# ≈≈≈≈≈m≈≈≈≈.P...##
...# ##≈≈##≈(.#≈..#..###
..#
≈#.≈≈.#≈≈##(....##.###..#
.≈≈P≈≈S..Sk≈........#..#
≈%.≈....<@kY...........##
##......†tY........#....#
##.................#..P#
##..Y.............#.###
#Y#Y.............#...#
................#..#.P#
..YY.......$..........##
.......................#
PPP.........####...#...#


You could see a merfolk avatar, 2 elephants, a black mamba, 2 rime drakes, a
water moccasin, a crocodile and 5 dream sheep.

Vanquished Creatures
  Josephine (D:13)
  Harold (D:9)
  6 hydras
  2 centaur warriors
  A death yak (Lair:5)
  An ogre mage (D:13)
  A two-headed ogre (D:10)
  Urug (D:13)
  2 sea snakes (Lair:6)
  A skeletal warrior (D:13)
  2 unseen horrors (D:11)
  A harpy (Lair:6)
  Pikel (D:5)
  A necromancer (Lair:3)
  A deep elf mage (D:11)
  An ugly thing (D:13)
  2 manticores
  2 centaur zombies
  8 elephants
  Joseph (D:8)
  3 black mambas
  A centaur skeleton (D:13)
  16 spiny frogs
  A rime drake (Lair:1)
  3 yaktaurs (D:13)
  7 komodo dragons
  A troll (shapeshifter) (D:13)
  A queen bee (Lair:1)
  4 trolls
  Grinder (D:6)
  A hornet (D:10)
  12 hippogriffs
  A water elemental (D:15)
  A shadow (D:14)
  6 wraiths
  2 wyverns
  12 yaks
  4 basilisks
  Eustachio (D:5)
  A human (shapeshifter) (D:13)
  Menkaure (D:6)
  10 water moccasins
  4 porcupines
  5 orc warriors
  3 ice beasts
  2 sky beasts
  A hornet zombie (D:6)
  A black bear (D:7)
  A phantom (D:4)
  7 ogres
  39 wolves
  2 necrophages
  5 centaurs
  8 crocodiles
  A big kobold (D:7)
  13 bullfrogs
  A gnoll sergeant (D:6)
  3 scorpions
  A wyvern skeleton (D:13)
  32 killer bees
  7 wights (D:11)
  2 howler monkeys
  A bullfrog zombie (D:6)
  4 crimson imps
  2 hounds (D:11)
  8 jellies
  4 orc priests
  Jessica (D:3)
  5 bullfrog skeletons
  Ijyb (D:3)
  Terence (D:3)
  4 iguanas
  9 orc wizards
  A yak simulacrum (Lair:3)
  7 worker ants
  4 polar bear simulacra (Lair:3)
  2 wolf simulacra (Lair:3)
  2 hound zombies
  6 hound skeletons
  A worker ant zombie (D:9)
  2 howler monkey zombies
  14 gnolls
  12 adders
  A shadow imp (D:11)
  An adder zombie (D:6)
  2 oozes
  3 worms
  2 leopard geckos
  70 orcs
  5 giant cockroaches
  8 goblins
  7 hobgoblins
  15 jackals
  3 quokkas
  3 ball pythons
  12 bats
  2 frilled lizards (D:1)
  12 kobolds
  2 leopard gecko skeletons
  8 rats
  4 river rat simulacra (Lair:3)
516 creatures vanquished.

Vanquished Creatures (others)
  A wizard (D:5)
  2 slaves (D:5)
  An adder zombie (D:5)
  9 fungi
  13 plants
26 creatures vanquished.

Grand Total: 542 creatures vanquished

Notes
Turn   | Place    | Note
-------+----------+-------------------------------------------
     0 | D:1      | Electrofox the Kobold Hunter began the quest for the Orb.
     0 | D:1      | Reached XP level 1. HP: 12/12 MP: 1/1
    97 | D:1      | Reached skill level 1 in Short Blades
   122 | D:1      | Reached XP level 2. HP: 17/17 MP: 2/2
   160 | D:1      | Reached skill level 5 in Crossbows
   513 | D:1      | Reached XP level 3. HP: 21/21 MP: 3/3
  1815 | D:3      | Reached XP level 4. HP: 17/26 MP: 4/4
  2223 | D:3      | Noticed Jessica
  2240 | D:3      | Killed Jessica
  2240 | D:3      | Reached skill level 5 in Short Blades
  2555 | D:3      | Reached XP level 5. HP: 27/30 MP: 5/5
  2650 | D:3      | Noticed Terence
  2685 | D:3      | Killed Terence
  2993 | D:1      | Reached XP level 6. HP: 35/35 MP: 6/6
  3093 | D:3      | Noticed Ijyb
  4005 | D:4      | Found a bloodstained altar of Trog.
  4142 | D:4      | Noticed a phantom
  4303 | D:4      | Reached XP level 7. HP: 30/40 MP: 7/7
  4380 | D:4      | Found an opulent altar of Gozag.
  4427 | D:4      | Found a white marble altar of Elyvilon.
  4431 | D:4      | Found a blossoming altar of Fedhas.
  4600 | D:5      | Entered Level 5 of the Dungeon
  4728 | D:5      | Found a bloodstained altar of Trog.
  4737 | D:5      | Noticed a wizard
  4740 | D:5      | Killed a wizard
  4916 | D:5      | Reached skill level 10 in Short Blades
  5194 | D:5      | Reached XP level 8. HP: 44/44 MP: 8/8
  5622 | D:6      | Found a staircase to the Ecumenical Temple.
  5661 | D:6      | Got a slimy quarterstaff
  5698 | Temple   | Entered the Ecumenical Temple
  5855 | Temple   | Became a worshipper of Dithmenos the Shadowed
  6342 | D:5      | Noticed Eustachio
  6418 | D:6      | Noticed Grinder
  6587 | D:6      | Reached XP level 9. HP: 48/48 MP: 9/9
  7192 | D:6      | Reached skill level 5 in Stealth
  7385 | D:7      | Noticed Menkaure
  7502 | D:7      | Found a sacrificial altar of Ru.
  7627 | D:7      | Reached skill level 1 in Invocations
  7679 | D:7      | Noticed a hippogriff
  7693 | D:7      | Found a sand-covered staircase.
  8137 | D:3      | Killed Ijyb
  8298 | D:5      | Noticed Pikel
  8376 | D:5      | Killed Pikel
  8376 | D:5      | Reached * piety under Dithmenos
  9221 | D:8      | Reached XP level 10. HP: 53/53 MP: 11/11
  9362 | D:8      | Found Gausetoqua's Distillery.
  9804 | D:8      | Noticed Joseph
  9945 | D:8      | Reached skill level 10 in Crossbows
  9980 | D:8      | Found Kebintir's Armour Shop.
  9988 | D:8      | Found a staircase to the Lair.
 10781 | D:5      | Killed Eustachio
 11154 | D:8      | Reached ** piety under Dithmenos
 11831 | D:9      | Noticed Harold
 12075 | D:8      | Killed Joseph
 12075 | D:8      | Reached skill level 5 in Dodging
 12513 | D:9      | Found a glowing silver altar of Zin.
 12513 | D:9      | Noticed an angel
 12577 | D:9      | Found Gukudosi's General Store.
 12586 | D:9      | Bought a scroll of magic mapping for 52 gold pieces
 12632 | D:10     | Entered Level 10 of the Dungeon
 12664 | D:10     | Noticed a two-headed ogre
 12991 | D:9      | Upgraded the game from 0.24-a0-762-gca426f56c8 to
                  | 0.24-a0-769-g368c1644f8
 13117 | D:10     | Reached XP level 11. HP: 60/60 MP: 12/12
 13125 | D:10     | Reached skill level 10 in Stealth
 13775 | D:11     | HP: 1/60 [something (8)]
 14109 | D:6      | Killed Grinder
 14135 | D:6      | Killed Menkaure
 14309 | D:6      | Learned a level 2 spell: Swiftness
 14361 | Lair:1   | Entered Level 1 of the Lair of Beasts
 14376 | Lair:1   | Reached skill level 1 in Air Magic
 14388 | D:8      | Reached skill level 1 in Spellcasting
 15007 | D:11     | Found Igruf's Jewellery Emporium.
 15024 | D:11     | Bought an uncursed ring of see invisible for 240 gold
                  | pieces
 15118 | D:11     | Reached *** piety under Dithmenos
 15169 | D:11     | Noticed an unseen horror
 15284 | D:11     | Killed an unseen horror
 15284 | D:11     | Reached skill level 1 in Charms
 15292 | D:11     | Noticed a deep elf mage
 15297 | D:11     | Killed a deep elf mage
 15452 | D:11     | Reached skill level 1 in Armour
 15467 | D:11     | Noticed an unseen horror
 15473 | D:11     | Killed an unseen horror
 15473 | D:11     | Reached skill level 1 in Evocations
 15473 | D:11     | Reached XP level 12. HP: 65/65 MP: 15/15
 15690 | D:12     | Found a staircase to the Orcish Mines.
 15857 | D:12     | Reached **** piety under Dithmenos
 15886 | D:12     | Noticed a two-headed ogre
 16002 | D:12     | Found a runed translucent door.
 16059 | D:12     | Identified the cursed +1 spear of the Thoughtful Planets
                  | {pierce, +Fly MR+}
 16059 | D:12     | Noticed a spriggan rider
 16235 | D:12     | Noticed a centaur warrior
 16483 | D:12     | Found Ozejoast's General Store.
 17190 | Lair:1   | Noticed a seven-headed hydra
 17400 | Lair:1   | Reached skill level 5 in Evocations
 18609 | Lair:3   | Found a staircase to the Swamp.
 18929 | Lair:3   | Noticed an eight-headed hydra
 18980 | Lair:3   | Reached skill level 1 in Throwing
 19103 | Lair:3   | Noticed a six-headed hydra
 19111 | Lair:3   | Killed a six-headed hydra
 19668 | Lair:4   | Noticed a four-headed hydra
 19671 | Lair:4   | Killed a four-headed hydra
 19671 | Lair:4   | Reached XP level 13. HP: 69/69 MP: 20/20
 19683 | Lair:4   | Reached skill level 10 in Evocations
 19704 | Lair:4   | Noticed a seven-headed hydra
 19709 | Lair:4   | Killed a seven-headed hydra
 20010 | Lair:4   | Noticed a four-headed hydra
 20047 | Lair:4   | Reached skill level 5 in Throwing
 20119 | Lair:4   | Killed a four-headed hydra
 20150 | Lair:4   | Found a staircase to the Snake Pit.
 20520 | Lair:4   | Noticed Kirke
 20778 | Lair:5   | Found a staircase to the Slime Pits.
 21165 | Lair:5   | Noticed a five-headed hydra
 21183 | Lair:5   | Killed a five-headed hydra
 21872 | Lair:6   | Entered Level 6 of the Lair of Beasts
 21897 | Lair:6   | Noticed a catoblepas
 22450 | D:9      | Killed Harold
 22587 | D:9      | Found a glowing silver altar of Zin.
 22817 | D:9      | Found Gukudosi's General Store.
 23141 | D:12     | Killed a centaur warrior
 23369 | D:13     | Reached skill level 5 in Air Magic
 23371 | D:13     | Noticed a catoblepas
 23386 | D:13     | Reached XP level 14. HP: 57/74 MP: 21/21
 23476 | D:13     | Noticed Urug
 23478 | D:13     | Killed Urug
 23499 | D:13     | You fall into a shaft and drop 2 floors!
 23499 | D:15     | Entered Level 15 of the Dungeon
 23590 | D:13     | Noticed Josephine
 23624 | D:13     | Killed Josephine
 23624 | D:13     | Reached skill level 1 in Long Blades
 23909 | D:13     | Found a gate to the Vaults.
 24002 | D:12     | Upgraded the game from 0.24-a0-769-g368c1644f8 to
                  | 0.25-a0-613-gf4b266557c
 24469 | Lair:1   | Reached ***** piety under Dithmenos
 24785 | Lair:3   | Reached skill level 5 in Long Blades
 25605 | Lair:6   | Killed from afar by a rime drake

Levels and vault maps discovered:
D:1:      minmay_arrival_shattered_statue, layout_basic
D:2:      layout_basic, first_ration
D:3:      layout_basic, minmay_misc_feat_plants, uniq_ijyb, uniq_terence,
          uniq_jessica
D:4:      layout_rooms, nicolae_gozag_cash_rules_everything_around_me,
          kennysheep_mini_moat, minitemple
D:5:      layout_basic, trog_wizard, uniq_pikel, uniq_eustachio
D:6:      layout_rooms, minmay_temple_entry_waves, nrook_mini_backslash,
          uniq_grinder
D:7:      layout_rooms, nicolae_overflow_hidden_temple,
          lightli_ossuary_entry_decrepit_ruins, uniq_menkaure
D:8:      layout_basic, lair_entry_dummy, serial_shops, shop_statue,
          kennysheep_mini, uniq_joseph
D:9:      layout_long_grid, zin_angel, serial_shops, shop_fountains, uniq_harold
D:10:     layout_rooms
D:11:     layout_irregular_city, serial_shops, shop_statue
D:12:     layout_irregular_city, hiddenorc2_lemuel, serial_shops, shop,
          ebering_ghost_funeral_grove
D:13:     layout_loops_ring, hangedman_vaults_entry_quadrant_bands,
          uniq_josephine, uniq_urug
D:14:     layout_rooms, corexii_corridor_pit
D:15:     gammafunk_depths_entry_grave, layout_rooms, nooodl_orcs_dogs
Temple:   eino_temple_scatter_basement
Lair:1:   layout_loops_ring, special_room [special_room_bee]
Lair:2:   layout_cave_pods, grunt_megastairs_4, serial_bayou_shore_b
Lair:3:   layout_hall_layers, skrybe_swamp_entry_bodies, serial_rivers,
          chequers_serial_rivers_micro_e, chequers_serial_rivers_small_a,
          chequers_serial_rivers_marsh, chequers_serial_rivers_micro_b,
          chequers_serial_rivers_large_b, chequers_serial_rivers_room_b,
          eino_house_with_fridge
Lair:4:   layout_gridlike, guppyfry_snake_entry_garden, serial_rivers,
          chequers_serial_rivers_micro_d, chequers_serial_rivers_room_a,
          chequers_serial_rivers_micro_b, chequers_serial_rivers_small_3,
          uniq_kirke
Lair:5:   layout_gridlike, nicolae_slime_entry_slimehenge,
          grunt_forest_large_clearings
Lair:6:   gammafunk_lair_ancient_temple, layout_cave_pods,
          infiniplex_staircase_pool, lemuel_fruit_tree

Skill      XL: |  1  2  3  4  5  6  7  8  9 10 11 12 13 14 |
---------------+-------------------------------------------+-----
Short Blades   | 1 2 4 5 6 8 10 12 13 14 | 14.0
Crossbows      | 5 6 9 10 11 | 11.6
Stealth        | 4 8 9 11 13 14 | 14.0
Invocations    | 2 |  2.0
Dodging        | 5 8 |  8.0
Fighting       | 3 |  3.6
Air Magic      | 3 4 5 |  5.1
Spellcasting   | 2 3 4 |  4.1
Charms         | 2 3 |  3.0
Armour         | 1 3 |  3.1
Evocations     | 1 9 10 | 10.0
Throwing       | 3 7 8 |  8.3
Long Blades    | 6 |  6.3

Action                   |  1- 3 |  4- 6 |  7- 9 | 10-12 | 13-15 || total
-------------------------+-------+-------+-------+-------+-------++-------
Melee: Short sword       |    76 |   120 |   190 |    96 |       ||   482
       Dagger            |     8 |    65 |    34 |       |       ||   107
       Rapier            |       |       |       |   421 |   655 ||  1076
 Fire: Hand crossbow     |    26 |    44 |   152 |   221 |    40 ||   483
       Arbalest          |       |       |       |       |    75 ||    75
Throw: Dart              |       |       |     4 |     6 |    29 ||    39
Invok: Shadow Step       |       |       |       |     2 |     6 ||     8
Evoke: Wand              |       |       |     2 |     7 |     3 ||    12
       Sack of spiders   |       |       |       |       |     1 ||     1
       Lamp of fire      |       |       |       |       |     1 ||     1
  Use: Scroll            |       |       |    12 |     8 |     1 ||    21
       Potion            |       |       |     1 |     4 |     5 ||    10
 Stab: Sleeping          |     2 |       |     1 |    16 |    21 ||    40
       Distracted        |       |       |       |     2 |     3 ||     5
       Paralysed         |       |       |       |     1 |       ||     1
  Eat: Chunk             |    11 |     8 |    15 |    32 |    19 ||    85
Armor: Leather armour    |    25 |    29 |     3 |    44 |    92 ||   193
       Robe              |       |       |    19 |    17 |       ||    36
Dodge: Dodged            |    67 |   107 |   109 |   351 |   576 ||  1210

Table legend:
 A = Non-vault XP
 B = Vault XP
 C = Vault XP percentage of total XP
 D = Non-vault monster count
 E = Vault monster count
 F = Vault count percentage of total count
                 A         B        C        D         E       F
            +---------+---------+-------+---------+---------+-------
      Total |   43255 |   24407 |  36.1 |     364 |     152 |  29.5
            +---------+---------+-------+---------+---------+-------
        D:1 |      53 |       0 |   0.0 |      26 |       0 |   0.0
        D:2 |      21 |       0 |   0.0 |       9 |       0 |   0.0
        D:3 |     146 |     109 |  42.7 |      37 |       3 |   7.5
        D:4 |     436 |       0 |   0.0 |      23 |       0 |   0.0
        D:5 |     990 |     773 |  43.8 |      31 |       2 |   6.1
        D:6 |    1106 |     460 |  29.4 |      24 |       2 |   7.7
        D:7 |     664 |       0 |   0.0 |      14 |       0 |   0.0
        D:8 |    1853 |     471 |  20.3 |      26 |       1 |   3.7
        D:9 |    1441 |    1013 |  41.3 |      17 |       1 |   5.6
       D:10 |    1963 |       0 |   0.0 |      16 |       0 |   0.0
       D:11 |    5537 |       0 |   0.0 |      36 |       0 |   0.0
       D:12 |    2348 |     476 |  16.9 |      12 |      31 |  72.1
       D:13 |    1466 |    7790 |  84.2 |      12 |      23 |  65.7
       D:14 |     208 |       0 |   0.0 |       1 |       0 |   0.0
       D:15 |     228 |       0 |   0.0 |       1 |       0 |   0.0
     Lair:1 |    5136 |    1782 |  25.8 |      17 |      25 |  59.5
     Lair:2 |    2547 |     250 |   8.9 |       9 |       1 |  10.0
     Lair:3 |    3823 |     865 |  18.5 |      13 |      12 |  48.0
     Lair:4 |    6527 |     478 |   6.8 |      14 |       4 |  22.2
     Lair:5 |    4602 |    3760 |  45.0 |      16 |      32 |  66.7
     Lair:6 |    2160 |    6180 |  74.1 |      10 |      15 |  60.0
            +---------+---------+-------+---------+---------+-------
